AoeStats
← Rieg0 ♛

Hideout

508065448Analyzed
1v1 RM · 12d ago on Sep 20, 2026· 25m 5s· 2 players
Game mode
Random Map
Map size
Tiny (2 player)
Population
200
Speed
Normal
Resources
Standard
Victory
Conquest
Starting age
Dark Age
Ending age
Imperial Age
RankedLock teamsTeams togetherTeam positionsShared explorationLock speedFull tech treeHidden civsTurbo modeCheats
Victory
Defeat
🇵🇪 Khmer · Peru
997
+17
🇪🇸 Wei · Spain
1016
-17
El Inge
12:55 Feudal Age
15:43 Castle Age
13:38 Double-Bit Axe
15:12 Horse Collar
16:18 Loom
16:47 Bow Saw
18:40 Gold Mining
19:26 Fletching
21:59 Bodkin Arrow
Rieg0 ♛
9:31 Feudal Age
12:12 Double-Bit Axe
18:36 Castle Age
17:27 Horse Collar
18:34 Gold Mining
18:38 Fletching
18:49 Padded Archer Armor
19:00 Crossbowman
22:26 Loom
Connection lost

Rejoining the realm…

Still unreachable

The connection could not be restored.

Session expired

The server has moved on; the page needs a fresh start.